 Dungeon Crawl Stone Soup version 0.31-b1-17-gcfd88c8481 (webtiles) character file.

Game seed: 4911527440440331424

128 hawla the Scratcher (level 4, -1/22 HPs)
             Began as a Felid Shapeshifter on Jan 15, 2024.
             Slain by an ufetubus (2 damage)
             ... on level 5 of the Dungeon.
             The game lasted 00:03:50 (2132 turns).

hawla the Scratcher (Felid Shapeshifter)            Turns: 2132, Time: 00:03:51

Health: -1/22      AC:  1    Str: 12    XL:     4   Next: 86%
Magic:  5/5        EV: 17    Int: 14    God:
Gold:   85         SH:  0    Dex: 15    Spells: 3/3 levels left
                                        Lives:  0   Deaths: 2

rFire   . .          .
                       - Unarmed
rCold   . . .        (shield unavailable)
rNeg    . . .        (body armour unavailable)
rPois   .            (helmet unavailable)
rElec   .            (cloak unavailable)
rCorr   .            (gloves unavailable)
SInv    +            (boots unavailable)
Will    .....        (no amulet)
Stlth   ++           (no ring)
HPRegen 0.23/turn    (no ring)
MPRegen 0.09/turn

%: no passive effects
@: beast-form
A: beast (slay +2), very small, claws 1, fangs 3, see invisible, shaggy fur 1,
stealthy paws, no weapons or thrown items, no armour, multi-lived
a: Begin Untransformation


You were on level 5 of the Dungeon.
You were a hulking beast.
You visited 1 branch of the dungeon, and saw 5 of its levels.

You collected 85 gold pieces.

Inventory:

Jewellery
 l - a +6 ring of dexterity
Talismans
 b - a beast talisman
 c - a flux talisman
Wands
 f - a wand of iceblast (12)
Potions
 a - 2 potions of lignification
 d - 2 potions of magic
 g - a potion of haste


   Skills:
 + Level 1.1 Fighting
 + Level 3.2 Dodging
 + Level 0.5 Stealth
 + Level 4.3 Unarmed Combat
 * Level 3.7 Shapeshifting


You had 3 spell levels left.
You didn't know any spells.
Your spell library was empty.

Dungeon Overview and Level Annotations

Branches:
Dungeon (5/15)             Temple (0/1) D:4

Altars:
Trog

Annotations:
D:4 Dowan


Innate Abilities, Weirdness & Mutations

You are a hulking beast.
Your limbs bulge with bestial killing power. (Slay +2)
You have sharp claws.
You have razor-sharp teeth.
You have supernaturally acute eyesight. (SInv)
You are covered in fur. (AC +1)
Your paws help you pounce on unaware monsters.
You are incapable of wielding weapons or throwing items.
You cannot wear armour.
You gain extra lives every three experience levels.


Message History

The hound completely misses you.
You barely miss the hound.
The hound is severely wounded.
The hound bites you.
* * * LOW HITPOINT WARNING * * *
The hound bites you.
* * * LOW HITPOINT WARNING * * *
You closely miss the hound.
The hound is severely wounded.
The hound misses you.
You closely miss the hound. Your bite misses the hound.
The hound is severely wounded.
The hound closely misses you.
You claw the hound!
You kill the hound!
You start resting.
An ufetubus comes into view.
The ufetubus shouts!
You hear a shout!
An ufetubus comes into view.
You claw the ufetubus!
You kill the ufetubus!
You scratch the ufetubus. Your claw misses the ufetubus. You bite the ufetubus.
The ufetubus is severely wounded.
The ufetubus slips past you! The ufetubus misses you. The ufetubus hits you.
You miss the ufetubus.
The ufetubus is severely wounded.
The ufetubus hits you.
* * * LOW HITPOINT WARNING * * *
The ufetubus hits you.
* * * LOW HITPOINT WARNING * * *
You miss the ufetubus.
The ufetubus is severely wounded.
The ufetubus hits you.
* * * LOW HITPOINT WARNING * * *
The ufetubus misses you. The ufetubus barely misses you.
The ufetubus misses you.
You barely miss the ufetubus.
The ufetubus is severely wounded.
The ufetubus misses you. The ufetubus hits you.
You die...

### ..# #.#
#.###.###.#
#....5....# #h#
#.# #####.####
#........#
#.###.##5#
#.###.##.#
#.##..##.# .
##.#...##.#
...+.<.....#.####


You could see an ufetubus.

Vanquished Creatures
  A hound (D:5)
  2 adders
  An ufetubus (D:5)
  2 ribbon worms
  2 dart slugs
  4 ball pythons
  9 endoplasms
  3 giant cockroaches
  6 goblins
  9 hobgoblins
  6 jackals (D:3)
  3 kobolds
  3 quokkas
  3 bats
  3 frilled lizards
57 creatures vanquished.

Notes
Turn   | Place    | Note
-------+----------+-------------------------------------------
     0 | D:1      | hawla the Felid Shapeshifter began the quest for the Orb.
     0 | D:1      | Reached XP level 1. HP: 10/10 MP: 2/2
    88 | D:1      | Found a faded altar of an unknown god.
   171 | D:1      | Reached XP level 2. HP: 10/14 MP: 3/3
   763 | D:2      | Succumbed to an adder's poison
   763 | D:2      | Lost a life (0 lives remaining)
   782 | D:2      | Reached XP level 3. HP: 18/18 MP: 4/4
  1382 | D:3      | Reached XP level 4. HP: 17/22 MP: 5/5
  1382 | D:3      | Gained a life (1 life remaining)
  1669 | D:3      | Found a bloodstained altar of Trog.
  1929 | D:4      | Reached skill level 4 in Unarmed Combat
  2031 | D:4      | HP: 1/33 [orc/+0 mace (3)]
  2032 | D:4      | Killed from afar by an orc priest
  2032 | D:4      | Lost a life (0 lives remaining)
  2049 | D:4      | Noticed Dowan
  2056 | D:5      | Entered Level 5 of the Dungeon
  2090 | D:5      | HP: 1/22 [hound (3)]
  2131 | D:5      | HP: 1/22 [ufetubus (3)]
  2132 | D:5      | Slain by an ufetubus

Illustrated notes

Levels and vault maps discovered:
D:1:      dpeg_arrival_solitude, layout_rooms,
          dreamdust_ecumenical_altar_statues, nrook_campfire,
          serial_bayou_pond_c, minmay_misc_feat_pillars
D:2:      layout_basic
D:3:      layout_loops_ring, old_standard_altar, dk_noncrumbling_3
D:4:      layout_gridville, temple_fountains, serial_bayou_pond_e,
          minmay_joined_circles, uniq_duvessa, uniq_sigmund, uniq_edmund
D:5:      minmay_angry_zag, layout_loops_corners, hangedman_decor_lopped,
          minmay_shop_grid_forest

Skill      XL: |  1  2  3  4 |
---------------+-------------+-----
Shapeshifting  | 3 |  3.7
Dodging        | 3 |  3.2
Unarmed Combat | 4 |  4.3
Fighting       | |  1.1
Stealth        | |  0.5

Action                     |  1- 3 |  4- 6 || total
---------------------------+-------+-------++-------
  Melee: Unarmed           |    82 |    68 ||   150
         Bite              |     6 |     5 ||    11
         Punch             |     2 |     2 ||     4
    Use: Scroll            |     4 |     5 ||     9
         Potion            |       |     2 ||     2
   Stab: Sleeping          |     1 |       ||     1
 Armour: Skin              |    16 |    31 ||    47
  Dodge: Dodged            |    49 |    66 ||   115
